 Dungeon Crawl Stone Soup version 0.31-a0-1074-g0b22e4e0f1 (webtiles) character file.

Game seed: 4757049596354859551

4620 sammy202020 the Blocker (level 10, -1/91 HPs)
             Began as a Minotaur Fighter on Nov 29, 2023.
             Was an Initiate of Gozag.
             Slain by an orc warrior
             ... wielding a +1 heavy dire flail
              (14 damage)
             ... on level 9 of the Dungeon.
             The game lasted 00:09:27 (7929 turns).

sammy202020 the Blocker (Minotaur Fighter)          Turns: 7929, Time: 00:09:28

Health: -1/91      AC: 17    Str: 22    XL:     10   Next: 19%
Magic:  9/9        EV:  9    Int:  9    God:    Gozag
Gold:   1295       SH:  6    Dex: 15    Spells: 9/9 levels left

rFire   . . .        k - +2 morningstar
rCold   . . .        c - +0 buckler
rNeg    . . .        m - +0 plate armour
rPois   +            (helmet restricted)
rElec   .            p - +0 cloak
rCorr   .            h - +0 pair of gloves
SInv    .            (no boots)
Will    .....        (no amulet) Stlth
                     n - +6 ring of dexterity
HPRegen 0.35/turn    o - ring of poison resistance
MPRegen 0.11/turn

%: clarity
@: gold aura, hasted, very quick
A: horns 2, retaliatory headbutt, clarity, mutation resistance 1
a: Renounce Religion, Potion Petition, Call Merchant, Bribe Branch


You were on level 9 of the Dungeon.
You worshipped Gozag.
Gozag was most pleased with you.
You visited 1 branch of the dungeon, and saw 9 of its levels.
You also visited: Ossuary.

You collected 1361 gold pieces.
You paid 66 gold pieces to Gozag.

Inventory:

Hand Weapons
 k - a +2 morningstar (weapon)
 x - the +10 war axe of Terror {flame, rElec Stlth+}
   (You found it on level 6 of the Dungeon)

   rElec:     It insulates you from electricity.
   Stlth+:    It makes you more stealthy.
Missiles
 r - 2 throwing nets
 t - 5 boomerangs
 y - 10 poisoned darts
 E - 20 stones
Armour
 c - a +0 buckler (worn)
 h - a +0 pair of gloves (worn)
 m - a +0 plate armour (worn)
 p - a +0 cloak (worn)
Jewellery
 d - a ring of magical power
 n - a +6 ring of dexterity (left hand)
 o - a ring of poison resistance (right hand)
 C - a ring of wizardry
Wands
 q - a wand of flame (37)
 s - a wand of digging (6)
Scrolls
 a - 3 scrolls of enchant weapon
 e - a scroll of amnesia
 g - 5 scrolls of identify
 i - 6 scrolls of teleportation
 w - a scroll of immolation
 D - a scroll of fear
Potions
 b - 5 potions of curing
 f - 2 potions of attraction
 l - a potion of might
 u - 2 potions of cancellation
 v - a potion of magic
 z - a potion of brilliance
 A - a potion of haste
 B - a potion of lignification


   Skills:
 * Level 9.2 Fighting
 * Level 8.7 Maces & Flails
 * Level 9.2 Armour
 + Level 5.4 Dodging
 * Level 9.3 Shields


You had 9 spell levels left.
You didn't know any spells.
Your spell library contained the following spells:

 Spells                   Type           Power      Damage    Failure   Level
 Sublimation of Blood     Necr           0%         N/A       100%        2
 Call Canine Familiar     Summ           0%         N/A       100%        3
 Sigil of Binding         Hex            0%         N/A       100%        3
 Dimensional Bullseye     Hex/Tloc       0%         N/A       100%        4
 Leda's Liquefaction      Hex/Erth       0%         N/A       100%        4
 Petrify                  Tmut/Erth      0%         N/A       100%        4
 Irradiate                Conj/Tmut      0%         3d11      100%        5


Dungeon Overview and Level Annotations

Branches:
Dungeon (9/15)             Temple (0/1) D:6         Ossuary (visited)
   Lair: D:8-11         Orc: D:9-12

Altars:
Ashenzari
Cheibriados
Elyvilon
Fedhas
Gozag
Kikubaaqudgha
Makhleb
Okawaru
Qazlal
Sif Muna
Trog
Uskayaw
Wu Jian
Xom
Yredelemnul
Zin
The Shining One

Shops:
D:6 ?


Innate Abilities, Weirdness & Mutations

You have a pair of horns on your head.
You reflexively headbutt those who attack you in melee.
You possess an exceptional clarity of mind.
You are somewhat resistant to further mutation.


Message History

You are too injured to fight recklessly!
You are too injured to fight recklessly!
You are too injured to fight recklessly!
You are too injured to fight recklessly!
The gnoll shouts!
You hit the gnoll.
The gnoll is no longer distracted by gold.
The gnoll is heavily wounded.
The orc warrior is distracted by your dazzling golden aura.
You block the gnoll's attack.
You hit the gnoll.
The gnoll is heavily wounded.
You barely miss the gnoll. Your headbutt misses the gnoll.
The gnoll is heavily wounded.
You block the gnoll's attack.
You barely miss the gnoll. You headbutt the gnoll.
The gnoll is almost dead.
The gnoll closely misses you.
You hit the gnoll.
You kill the gnoll!
The gnoll barely misses you.
Items here: $ )) [.
You closely miss the orc warrior.
The orc warrior is no longer distracted by gold.
You closely miss the orc warrior. You headbutt the orc warrior.
The orc warrior is moderately wounded.
The gnoll closely misses you.
The orc warrior unwields a +0 orcbow.
The orc warrior wields a +1 heavy dire flail.
The orc warrior hits you with a +1 heavy dire flail!
* * * LOW HITPOINT WARNING * * *
You hit the orc warrior. You headbutt the orc warrior!
The orc warrior is severely wounded.
The gnoll is distracted by your dazzling golden aura.
The gnoll shouts!
You hit the orc warrior.
The orc warrior is severely wounded.
The gnoll is distracted by your dazzling golden aura.
The orc warrior hits you with a +1 heavy dire flail!
You die...
Your body crumbles into a pile of gold.

.##..........#
.............#
###..........#
......$......#
#.##.........#
#.........#
#.....ggo.#
#######o### #@#
#####.###.##
...####..........#
.......<.........#
...####..........#
#..........#
#..........#
##.######### #.#


You could see an orc warrior, 2 gnolls and an orc.

Vanquished Creatures
  A hornet (D:8)
  Sigmund (D:2)
  A shadow (D:8)
  A wraith (D:8)
  2 water moccasins
  4 orc warriors
  2 black bears (D:8)
  A sky beast (D:7)
  2 ice beasts (D:7)
  An ogre (D:7)
  2 centaurs
  2 kobold brigands
  2 bullfrogs
  3 gnoll sergeants
  3 water moccasin zombies (Ossuary)
  4 scorpions
  15 wights
  4 howler monkeys
  A crimson imp (D:7)
  A hound (D:6)
  2 jellies (D:5)
  2 orc priests
  2 iguanas
  A sleepcap (D:7)
  A gnoll bouda (D:6)
  3 orc wizards
  2 mummies (Ossuary)
  24 gnolls
  14 adders
  A shadow imp (D:7)
  2 ufetubi (D:5)
  4 adder zombies (Ossuary)
  2 dart slugs
  23 orcs
  5 endoplasms
  2 giant cockroaches
  8 gnoll zombies (Ossuary)
  6 goblins
  7 hobgoblins
  16 kobolds
  3 quokkas
  7 ball pythons
  9 bats
  3 frilled lizards
  6 hobgoblin zombies (Ossuary)
  4 kobold zombies (Ossuary)
  4 orc zombies (Ossuary)
  3 rats
219 creatures vanquished.

Notes
Turn   | Place    | Note
-------+----------+-------------------------------------------
     0 | D:1      | sammy202020 the Minotaur Fighter began the quest for the
                  | Orb.
     0 | D:1      | Reached XP level 1. HP: 19/19 MP: 0/0
   293 | D:1      | Reached XP level 2. HP: 27/27 MP: 1/1
   798 | D:1      | Gained mutation: You possess an exceptional clarity of
                  | mind. [potion of mutation]
   798 | D:1      | Gained mutation: You are somewhat resistant to further
                  | mutation. [potion of mutation]
   806 | D:2      | Found a glowing golden altar of the Shining One.
   985 | D:2      | Reached XP level 3. HP: 33/33 MP: 2/2
  1254 | D:2      | Noticed Sigmund
  1269 | D:2      | Killed Sigmund
  1270 | D:2      | Reached skill level 1 in Dodging
  1270 | D:2      | Reached XP level 4. HP: 13/41 MP: 3/3
  1270 | D:2      | Reached XP level 5. HP: 15/47 MP: 4/4
  1852 | D:3      | Found a glowing silver altar of Zin.
  1855 | D:3      | Found a blossoming altar of Fedhas.
  1867 | D:3      | Found a shimmering blue altar of Sif Muna.
  1870 | D:3      | Found a hide-covered altar of Uskayaw.
  2185 | D:3      | Reached skill level 5 in Armour
  2192 | D:3      | Reached skill level 5 in Shields
  2192 | D:3      | Reached XP level 6. HP: 26/55 MP: 5/5
  2393 | D:3      | Found a broken altar of Ashenzari.
  2450 | D:3      | Reached skill level 5 in Fighting
  2707 | D:4      | Noticed an orc warrior
  2726 | D:4      | Killed an orc warrior
  2727 | D:4      | Reached XP level 7. HP: 32/61 MP: 6/6
  3033 | D:4      | Reached skill level 5 in Maces & Flails
  3181 | D:4      | Found a glowing drain.
  3217 | D:4      | Found an opulent altar of Gozag.
  3221 | D:4      | Became a worshipper of Gozag Ym Sagoz the Greedy
  3281 | D:4      | Found a basalt altar of Yredelemnul.
  3579 | D:5      | Entered Level 5 of the Dungeon
  4024 | D:5      | Found an ornate altar of the Wu Jian Council.
  4048 | D:5      | Found an ancient bone altar of Kikubaaqudgha.
  4049 | D:5      | Found an iron altar of Okawaru.
  4074 | D:5      | Reached XP level 8. HP: 71/71 MP: 7/7
  4107 | D:5      | Found a sand-covered staircase.
  4118 | Ossuary  | Entered an ossuary
  4876 | D:6      | Found a staircase to the Ecumenical Temple.
  4922 | D:6      | Found Badane's Magic Scroll Emporium.
  5016 | D:6      | Found a snail-covered altar of Cheibriados.
  5084 | D:6      | Identified the +10 war axe of Terror {flame, rElec Stlth+}
  5512 | D:6      | Found a white marble altar of Elyvilon.
  5674 | D:7      | Reached XP level 9. HP: 45/78 MP: 8/8
  6577 | D:7      | Found a shimmering altar of Xom.
  6577 | D:7      | Found a burning altar of Makhleb.
  7136 | D:8      | Found a bloodstained altar of Trog.
  7162 | D:8      | Reached skill level 5 in Dodging
  7199 | D:8      | Reached XP level 10. HP: 45/90 MP: 9/9
  7891 | D:9      | Found a stormy altar of Qazlal.
  7929 | D:9      | Slain by an orc warrior

Illustrated notes

Levels and vault maps discovered:
D:1:      ncdulo_lavacross, layout_loops_corners
D:2:      layout_loops_corners, basic_altar, minmay_cupped, uniq_sigmund
D:3:      kennysheep_six_static_rooms, layout_basic, lemuel_doored_altar,
          grunt_temple_overflow_cloverleaf, kennysheep_generic_room_7
D:4:      layout_loops_cross, mainiacjoe_overflow_swirl, portal_sewer_entry_d,
          guppyfry_early_orc_mine
D:5:      layout_loops_ring, minitemple, nicolae_ossuary_entry_ruins,
          nicolae_the_louvre
D:6:      layout_basic, elyvilon_altar_4, mainiacjoe_overflow_tiny_flanked,
          minmay_temple_entry_ruins, serial_shops, nicolae_stop_n_shop_2
D:7:      layout_basic, grunt_temple_overflow_champion_of_chaos
D:8:      layout_basic, trog_ov_bears_minmay
D:9:      layout_rooms, grunt_qazlal_clouds, erik_lair_dragon, special_room
          [special_room_bee]

Skill      XL: |  1  2  3  4  5  6  7  8  9 10 |
---------------+-------------------------------+-----
Shields        | 4 5 6 7 9 |  9.3
Armour         | 4 5 6 7 9 |  9.2
Fighting       | 4 5 6 7 8 9 |  9.2
Maces & Flails | 3 4 5 7 8 |  8.7
Dodging        | 1 2 3 4 5 |  5.4

Action                     |  1- 3 |  4- 6 |  7- 9 | 10-12 || total
---------------------------+-------+-------+-------+-------++-------
  Melee: Flail             |    58 |    88 |   243 |       ||   389
         Headbutt          |     7 |    13 |    77 |    19 ||   116
         Morningstar       |       |       |   147 |    65 ||   212
    Use: Scroll            |     2 |     5 |     5 |     3 ||    15
         Potion            |     2 |     5 |     3 |     2 ||    12
   Stab: Distracted        |       |       |     7 |     2 ||     9
 Armour: Scale mail        |    26 |       |       |       ||    26
         Chain mail        |     6 |     8 |       |       ||    14
         Plate armour      |       |    74 |   242 |    52 ||   368
  Dodge: Dodged            |    30 |    25 |   112 |    30 ||   197
  Block: Buckler           |    17 |    20 |    87 |    20 ||   144

Table legend: (Time is in decaauts)
 A = Elapsed time spent in this place.
 B = Non-inter-level travel time spent in this place.
 C = Inter-level travel time spent in this place.
 D = Time resting spent in this place.
 E = Time spent auto-exploring this place.
 F = Levels seen in this place.
 G = Mean time per level.
                   A        B        C        D        E       F      G
               +--------+--------+--------+--------+--------+-----+--------+
         Total |   8034 |   7811 |    223 |    128 |   6130 |  10 |  803.4 |
       Dungeon |   7640 |   7417 |    223 |     28 |   5958 |   9 |  848.9 |
       Ossuary |    394 |    394 |      0 |    100 |    172 |   1 |  394.0 |
               +--------+--------+--------+--------+--------+-----+--------+

Top non-repeatable levels by time:
     D:7: 1481 daAuts
     D:4: 1061 daAuts
     D:3: 928 daAuts
     D:5: 868 daAuts
     D:8: 858 daAuts
     D:2: 831 daAuts
     D:1: 816 daAuts
     D:6: 743 daAuts
 Ossuary: 394 daAuts
     D:9: 49 daAuts
